 Dungeon Crawl Stone Soup version 0.22-a0-362-g535178c (webtiles) character file.

44 Amnesiac the Grave Robber (level 3, 0/26 HPs)
             Began as a Mummy Necromancer on Apr 19, 2018.
             Killed by divine providence
             ... invoked by an orc priest
              (12 damage)
             ... on level 4 of the Dungeon.
             The game lasted 00:02:29 (963 turns).

Amnesiac the Grave Robber (Mummy Necromancer)        Turns: 963, Time: 00:02:29

Health: 0/26       AC:  2    Str: 11    XL:     3   Next: 41%
Magic:  0/7        EV: 12    Int: 15    God:
Gold:   8          SH:  0    Dex: 12    Spells: 4/8 levels left

rFire    x . .     SeeInvis .   g - +0 blowgun
rCold    + . .     Gourm    .   (no shield)
rNeg     + + +     Faith    .   a - +0 robe
rPois    ∞         Spirit   .   (no helmet)
rElec    .         Reflect  .   (no cloak)
rCorr    .         Harm     .   (no gloves)
MR       .....                  (no boots)
Stlth    ++........             (no amulet)
HPRegen  0.08/turn              (no ring)
MPRegen  0.10/turn              (no ring)

@: no status effects
A: no food or potions, fire vulnerability, cold resistance 1, negative energy
resistance 3, torment resistance, unbreathing
a: no special abilities


You were on level 4 of the Dungeon.
You were not hungry.

You visited 1 branch of the dungeon, and saw 4 of its levels.

You collected 8 gold pieces.

Inventory:

Hand Weapons
 g - a +0 blowgun (weapon)
Missiles
 h - 18 poisoned needles (quivered)
Armour
 a - a +0 robe (worn)
Wands
 b - a wand of iceblast (8)
Scrolls
 f - a scroll of blinking {!r}


   Skills:
 + Level 1.2 Fighting
 * Level 2.4 Dodging
 - Level 1.5 Stealth
 - Level 3.0 Spellcasting
 + Level 4.3 Necromancy


You had 4 spell levels left.
You knew the following spells:

 Your Spells              Type           Power        Failure   Level  Hunger
a - Pain                  Necr           ###.         3%          1    N/A
d - Vampiric Draining     Necr           ###.......   11%         3    N/A

Dungeon Overview and Level Annotations

Branches:
Dungeon (4/15)
 Temple: D:4-7

Altars:
Hepliaklqana

Annotations:
D:3 GameOver's ghost, amateur NaWz


Innate Abilities, Weirdness & Mutations

You do not eat or drink.
Your flesh is vulnerable to fire.
You are immune to poison.
Your flesh is cold resistant. (rC+)
You are immune to negative energy. (rN+++)
You are immune to unholy pain and torment.
You can survive without breathing.


Message History

You hear a shout!
Casting: Pain (safe; 3% risk of failure)
Confirm with . or Enter, or press ? or * to list all spells.
You can't see any susceptible monsters within range! (Use Z to cast anyway.)
Casting: Pain (safe; 3% risk of failure)
Confirm with . or Enter, or press ? or * to list all spells.
You can't see any susceptible monsters within range! (Use Z to cast anyway.)
You start resting.
An orc comes into view. It is wielding a flail.
An orc is nearby!
Casting: Pain (safe; 3% risk of failure)
Confirm with . or Enter, or press ? or * to list all spells.
You can't see any susceptible monsters within range! (Use Z to cast anyway.)
An orc priest comes into view. It is wielding a hand axe.
Casting: Pain (safe; 3% risk of failure)
Confirm with . or Enter, or press ? or * to list all spells.
Aiming: Pain (safe; 3% risk of failure)
Press: ? - help, Shift-Dir - straight line, f - orc
Aim: an orc, wielding a flail and wearing a ring mail (hasn't noticed you, chance to defeat MR: 85%)
The orc writhes in agony!
You kill the orc!
The orc priest calls down the wrath of Beogh upon you.
Beogh smites you!
Ouch! That really hurt!
* * * LOW HITPOINT WARNING * * *
You start resting.
Casting: Pain (safe; 3% risk of failure)
Confirm with . or Enter, or press ? or * to list all spells.
Aiming: Vampiric Draining (safe; 11% risk of failure)
Press: ? - help, Shift-Dir - straight line, f - orc priest
Aim: an orc priest, wielding a hand axe and wearing a plate armour The orc priest is heavily wounded.
You feel life coursing into your body. The orc priest completely misses you.
Casting: Vampiric Draining (safe; 11% risk of failure)
Confirm with . or Enter, or press ? or * to list all spells.
Aiming: Vampiric Draining (safe; 11% risk of failure)
Press: ? - help, Shift-Dir - straight line, f/p - orc priest
Aim: an orc priest, wielding a hand axe and wearing a plate armour (heavily wounded)
The orc priest is severely wounded.
You feel life coursing into your body.
The orc priest looks satisfied for a moment.
Firing (i - inventory)
h - 21 poisoned needles (quivered)
Press: ? - help, Shift-Dir - straight line, f/p - orc priest
Aim: an orc priest, wielding a hand axe and wearing a plate armour (severely wounded)
You shoot a poisoned needle.
The poisoned needle hits the orc priest.
The orc priest is severely wounded.
The orc priest closely misses you.
Firing (i - inventory)
h - 20 poisoned needles (quivered)
Press: ? - help, Shift-Dir - straight line, f/p - orc priest
Aim: an orc priest, wielding a hand axe and wearing a plate armour (severely wounded)
You shoot a poisoned needle.
The poisoned needle barely misses the orc priest.
The orc priest hits you with a hand axe!
* * * LOW HITPOINT WARNING * * *
Firing (i - inventory)
h - 19 poisoned needles (quivered)
Press: ? - help, Shift-Dir - straight line, f/p - orc priest
Aim: an orc priest, wielding a hand axe and wearing a plate armour (severely wounded)
You shoot a poisoned needle.
The poisoned needle hits the orc priest.
The orc priest is severely wounded.
The orc priest invokes the aid of Beogh against you.
Beogh smites you!
You die...

#.... .. #....
#.######....
#.....##....
###.###.##....
#.....#.#.....
#####.....#†#.....
#.o...._......#.).
#@#.#.....#####'##
#.#.#.....# #....
#.#.###.### #....
#.#.....# ##...
#.#####.# #...
#.#.....# #...
#.......# ..####'
###.....# ..<.....
#.....# ........


You could see an orc priest.

Vanquished Creatures
  2 adders
  A dart slug (D:2)
  3 orcs (D:4)
  A ball python (D:3)
  3 goblins
  A hobgoblin (D:3)
  5 jackals
  A kobold (D:3)
  A quokka (D:4)
  A frilled lizard (D:4)
  A rat (D:3)
20 creatures vanquished.

Notes
Turn   | Place    | Note
-------+----------+-------------------------------------------
     0 | D:1      | Amnesiac the Mummy Necromancer began the quest for the Orb.
     0 | D:1      | Reached XP level 1. HP: 13/13 MP: 4/4
    75 | D:2      | Reached XP level 2. HP: 20/20 MP: 2/5
   236 | D:3      | Noticed GameOver's ghost (amateur NaWz)
   492 | D:4      | Reached skill level 1 in Fighting
   492 | D:4      | Reached XP level 3. HP: 9/26 MP: 4/7
   497 | D:4      | Learned a level 3 spell: Vampiric Draining
   894 | D:4      | Found a hazy altar of Hepliaklqana.
   963 | D:4      | Killed from afar by an orc priest

Vault maps used:
D:1:      dpeg_arrival_long_road
D:2:      gammafunk_temple_overflow_arena, first_ration, minivault_19
D:3:      vehumet_crystals, uniq_jessica
D:4:      nicolae_overflow_crystal_walls

Skill      XL: |  1  2 |
---------------+-------+-----
Dodging        | 2 |  2.4
Spellcasting   | 3 |  3.0
Fighting       | 1 |  1.2
Stealth        | |  1.5
Necromancy     | |  4.3

Action                   || total
-------------------------++-------
Melee: Unarmed           ||     1
 Fire: Blowgun           ||    28
 Cast: Pain              ||    33
       Vampiric Draining ||     4
  Use: Scroll            ||     5
Armor: Robe              ||     6
Dodge: Dodged            ||    25

Table legend:
 A = Spawn XP
 B = Non-spawn XP
 C = Spawn XP percentage of total XP
 D = Spawn monster count
 E = Non-spawn monster count
 F = Spawn count percentage of total count
 G = Total turns spent on level
                    A         B        C        D         E        F      G
               +---------+---------+-------+---------+---------+-------+---------
         Total |       0 |      64 |   0.0 |       0 |      20 |   0.0 |   963
               +---------+---------+-------+---------+---------+-------+---------
           D:1 |       0 |       2 |   0.0 |       0 |       1 |   0.0 |    38
           D:2 |       0 |      20 |   0.0 |       0 |       4 |   0.0 |   139
           D:3 |       0 |      11 |   0.0 |       0 |       6 |   0.0 |   137
           D:4 |       0 |      31 |   0.0 |       0 |       9 |   0.0 |   649
               +---------+---------+-------+---------+---------+-------+---------
